 Dungeon Crawl Stone Soup version 0.28-a0-1199-gef9e1dbd39 (webtiles) character file.

Game seed: 2975153812302494150

51 bande the Skirmisher (level 3, -1/24 HPs)
             Began as a Gargoyle Fighter on Dec 20, 2021.
             Slain by a goblin (3 damage)
             ... led by Robin
             ... on level 2 of the Dungeon.
             The game lasted 00:01:55 (852 turns).

bande the Skirmisher (Gargoyle Fighter)              Turns: 852, Time: 00:01:56

Health: -1/24      AC: 12    Str: 19    XL:     3   Next: 81%
Magic:  3/3        EV:  7    Int:  8    God:
Gold:   0          SH:  4    Dex: 11    Spells: 2/2 levels left

rFire   . . .      SeeInvis .   a - +0 war axe
rCold   . . .      Faith    .   c - +0 buckler
rNeg    + . .      Spirit   .   f - +0 chain mail
rPois   ∞          Reflect  .   (no helmet)
rElec   +          Harm     .   (no cloak)
rCorr   .          Rampage  .   (no gloves)
Will    .....                   (no boots)
Stlth   ..........              (no amulet)
HPRegen 0.08/turn               (no ring)
MPRegen 0.08/turn               (no ring)

@: mighty
A: sickness immunity, AC +3, negative energy resistance 1, electricity
resistance, torment resistance 1, petrification resistance
a: no special abilities


You were on level 2 of the Dungeon.
You visited 1 branch of the dungeon, and saw 2 of its levels.

Inventory:

Hand Weapons
 a - a +0 war axe (weapon)
Armour
 c - a +0 buckler (worn)
 f - a +0 chain mail (worn)
Scrolls
 b - a scroll of teleportation
 e - a scroll of identify


   Skills:
 + Level 3.7 Fighting
 + Level 2.7 Axes
 + Level 3.6 Armour
 + Level 3.6 Shields


You had 2 spell levels left.
You didn't know any spells.
Your spell library was empty.

Dungeon Overview and Level Annotations

Branches:
Dungeon (2/15)

Altars:


Innate Abilities, Weirdness & Mutations

You are immune to sickness and miasma.
Your stone body is resilient. (AC +3)
You are immune to poison.
You resist negative energy. (rN+)
You are resistant to electric shocks. (rElec)
You are resistant to unholy torment.
You are immune to petrification.


Message History

You hit Robin but do no damage.
Robin is almost dead.
You hit the orc but do no damage.
Your chain mail prevents you from hitting the goblin.
The goblin closely misses you. The orc barely misses you.
You block the goblin's attack. 2 goblins and a kobold come into view.
Found a stone staircase leading down.
The goblin shouts! x2; The kobold shouts!
The hobgoblin closely misses you.
The goblin unwields a +0 dagger.
The goblin wields a +0 hunting sling.
The goblin shoots a stone.
The stone hits you but does no damage. The goblin hits you but does no damage.
Robin hits you with a +0 mace.
* * * LOW HITPOINT WARNING * * *
Things that are here:
a +0 club; a goblin corpse Unknown command.
You hit Robin but do no damage.
Robin is almost dead.
You barely miss the orc. You slash the goblin!
You kill the goblin!
You hit the hobgoblin.
The goblin no longer looks unusually strong.
The hobgoblin hits you but does no damage.
The orc hits you with a +0 whip.
* * * LOW HITPOINT WARNING * * *
The goblin shoots a stone.
The stone completely misses you. Robin hits you but does no damage.
The orc barely misses you.
You hit Robin.
You kill Robin!
You slash the goblin!
You kill the goblin!
You closely miss the hobgoblin. You hit the orc.
The goblin shoots a stone.
The stone hits you but does no damage.
The hobgoblin hits you but does no damage.
The orc barely misses you.
You feel very mighty all of a sudden.
The goblin shoots a stone.
The stone barely misses you. You block the hobgoblin's attack.
The goblin hits you with a +0 dagger.
You die...

.... ###....
....... ##.....#
.......#
#####K..>..#
...#gg....#
#####.#@#########
......o))g.......
#####.))#########
#........#
#........#
..........#
...........#
..#..........
..#........###


You could see an orc, a hobgoblin (strong), 2 goblins and a kobold.

Vanquished Creatures
  Robin (D:2)
  A dart slug (D:2)
  3 bats (D:1)
  2 endoplasms (D:1)
  4 jackals (D:1)
  3 quokkas (D:1)
  3 ball pythons (D:1)
  A frilled lizard (D:1)
  9 goblins
  4 kobolds (D:1)
  4 rats (D:1)
35 creatures vanquished.

Vanquished Creatures (others)
  A goblin (D:2)
1 creature vanquished.

Grand Total: 36 creatures vanquished

Notes
Turn   | Place    | Note
-------+----------+-------------------------------------------
     0 | D:1      | bande the Gargoyle Fighter began the quest for the Orb.
     0 | D:1      | Reached XP level 1. HP: 14/14 MP: 1/1
   249 | D:1      | Reached XP level 2. HP: 18/19 MP: 2/2
   362 | D:1      | Found a faded altar of an unknown god.
   544 | D:1      | Reached XP level 3. HP: 21/24 MP: 3/3
   833 | D:2      | Noticed Robin
   851 | D:2      | Killed Robin
   852 | D:2      | Slain by a goblin

Illustrated notes

Levels and vault maps discovered:
D:1:      tarquinn_simple_flora_water_c, layout_rooms, basic_ecumenical_altar,
          minmay_tetromino_o2
D:2:      layout_basic, uniq_robin

Skill      XL: |  1  2 |
---------------+-------+-----
Axes           | 2 |  2.7
Fighting       | |  3.7
Armour         | |  3.6
Shields        | |  3.6

Action                   || total
-------------------------++-------
Melee: War axe           ||    83
  Use: Scroll            ||     2
       Potion            ||     1
Armor: Chain mail        ||    81
Dodge: Dodged            ||    48
Block: Buckler           ||    21

Table legend: (Time is in decaauts)
 A = Elapsed time spent in this place.
 B = Non-inter-level travel time spent in this place.
 C = Inter-level travel time spent in this place.
 D = Time resting spent in this place.
 E = Time spent auto-exploring this place.
 F = Levels seen in this place.
 G = Mean time per level.
                   A        B        C        D        E       F      G
               +--------+--------+--------+--------+--------+-----+--------+
         Total |    887 |    887 |      0 |    121 |    489 |   2 |  443.5 |
       Dungeon |    887 |    887 |      0 |    121 |    489 |   2 |  443.5 |
               +--------+--------+--------+--------+--------+-----+--------+

Top non-repeatable levels by time:
     D:1: 856 daAuts
     D:2: 30 daAuts
